 Dungeon Sprint DCSS version 0.27-a0-1322-gfdffb62a71 (webtiles) character file.

Game seed: 6442788061833764254

366 mhtbhm the Basher (level 6, -2/66 HPs)
             Began as a Minotaur Berserker on June 23, 2021.
             Was an Elder of Trog.
             Slain by a wandering mushroom (14 damage)
             ... in the Dungeon (Sprint IV: "Fedhas' Mad Dash").
             The game lasted 00:01:22 (1225 turns).

mhtbhm the Basher (Minotaur Berserker)              Turns: 1225, Time: 00:01:22

Health: -2/66      AC:  2    Str: 23    XL:     6   Next: 40%
Magic:  5/5        EV: 13    Int:  4    God:    Trog [****..]
Gold:   119        SH:  0    Dex: 10    Spells: 5/5 levels left

rFire    . . .     SeeInvis .   a - +0 mace
rCold    . . .     Faith    .   (no shield)
rNeg     . . .     Spirit   .   b - +0 animal skin
rPois    .         Reflect  .   (helmet restricted)
rElec    .         Harm     .   (no cloak)
rCorr    .         Rampage  .   (no gloves)
Will     .....     NoTele   +   (no boots)
Stlth    ++........             k - amulet of invisibility {+Inv}
HPRegen  0.21/turn              (no ring)
MPRegen  0.09/turn              (no ring)

@: on berserk cooldown, slowed, very slow
A: horns 2, retaliatory headbutt
a: Renounce Religion, Evoke Invisibility, Berserk, Trog's Hand, Brothers in Arms


You were in the Dungeon.
You worshipped Trog.
Trog was greatly pleased with you.
You visited 1 branch You collected 119 gold pieces.

Inventory:

Hand Weapons
 a - a +0 mace (weapon)
Armour
 b - a +0 animal skin (worn)
Jewellery
 k - the amulet of invisibility (around neck) {+Inv}
   (You found it in the Dungeon)

   [amulet of nothing]

   It lets you turn invisible.
Scrolls
 h - a scroll of blinking
 i - a scroll of enchant weapon {unknown}
 j - a scroll of identify {unknown}
Potions
 c - a potion of curing
 d - a potion of heal wounds
 e - a potion of haste
 f - 2 potions of magic
 g - a potion of berserk rage


   Skills:
 + Level 10.1 Fighting
 + Level 10.3 Maces & Flails
 + Level 5.5 Armour
 + Level 5.2 Dodging
 + Level 2.9 Stealth
 + Level 2.9 Evocations


You had 5 spell levels left.
You didn't know any spells.
Your spell library was empty.

Dungeon Overview and Level Annotations

Branches:
Dungeon (1/1)

Altars:
Cheibriados
Dithmenos
Elyvilon
Gozag
Hepliaklqana
Kikubaaqudgha
Makhleb
Nemelex Xobeh
Okawaru
Qazlal
Ru
Sif Muna
Trog
Uskayaw
Vehumet
Wu Jian
Xom
Yredelemnul
Zin
The Shining One
Beogh
Jiyva
Lugonu

Shops:
D ::


Innate Abilities, Weirdness & Mutations

You have a pair of horns on your head.
You reflexively headbutt those who attack you in melee.


Message History

You are too confused!
You are too confused!
You are too confused!
You are too confused!
You are too confused!
You are too confused!
You bump into the stone wall.
The wandering mushroom closely misses you. x2
You hit the wandering mushroom.
The wandering mushroom is lightly damaged.
The wandering mushroom releases spores at you.
You are engulfed in a cloud of spores!
You are more confused.
You sock the wandering mushroom! You headbutt the wandering mushroom!
The wandering mushroom is heavily damaged.
The wandering mushroom releases spores at you!
You are engulfed in a cloud of spores!
You bump into the stone wall.
The wandering mushroom releases spores at you!
You are engulfed in a cloud of spores!
The wandering mushroom barely misses you.
You bump into the stone wall.
You feel a strong urge to attack something.
The wandering mushroom barely misses you.
You're too confused to move!
You are no longer berserk.
You are exhausted.
You feel yourself slow down.
The wandering mushroom releases spores at you!
You are engulfed in a cloud of spores!
The wandering mushroom releases spores at you!
* * * LOW HITPOINT WARNING * * *
You are engulfed in a cloud of spores!
Unknown command.
You feel better.
The wandering mushroom releases spores at you!
* * * LOW HITPOINT WARNING * * *
You are engulfed in a cloud of spores!
The wandering mushroom releases spores at you!
You die...

#####################
_._._.⌠.#.)')..#....#
._._._..'..#...#...P+
_._._...#..###'##f/$#
._._._..#..##∩∩.@f..#
_._._.⌠.#############
#########


You could see 2 wandering mushrooms and a burning bush.

Vanquished Creatures
  3 scorpions (D)
  4 oklob saplings (D)
  2 spriggans (D)
  A river rat (D)
  A rat (D)
11 creatures vanquished.

Notes
Turn   | Place    | Note
-------+----------+-------------------------------------------
     0 | D        | mhtbhm the Minotaur Berserker began the quest for the Orb.
     0 | D        | Reached XP level 1. HP: 19/19 MP: 0/0
    10 | D        | Reached XP level 2. HP: 28/28 MP: 1/1
   144 | D        | Noticed a scorpion
   145 | D        | Noticed an oklob sapling
   146 | D        | Killed an oklob sapling
   146 | D        | Reached ** piety under Trog
   147 | D        | Reached skill level 5 in Maces & Flails
   147 | D        | Reached XP level 3. HP: 37/37 MP: 2/2
   148 | D        | Killed a scorpion
   149 | D        | Reached XP level 4. HP: 47/47 MP: 3/3
   182 | D        | Found the amulet of invisibility {+Inv}
   269 | D        | Found an opulent altar of Gozag.
   269 | D        | Found a hazy altar of Hepliaklqana.
   269 | D        | Found a burning altar of Makhleb.
   269 | D        | Found a sparkling altar of Nemelex Xobeh.
   269 | D        | Found a snail-covered altar of Cheibriados.
   269 | D        | Found a sacrificial altar of Ru.
   269 | D        | Found a shimmering blue altar of Sif Muna.
   269 | D        | Found a shimmering altar of Xom.
   269 | D        | Found a basalt altar of Yredelemnul.
   270 | D        | Found a viscous altar of Jiyva.
   270 | D        | Found a bloodstained altar of Trog.
   270 | D        | Found an ornate altar of the Wu Jian Council.
   271 | D        | Found an iron altar of Okawaru.
   271 | D        | Found a shadowy altar of Dithmenos.
   271 | D        | Found a glowing silver altar of Zin.
   272 | D        | Found an ancient bone altar of Kikubaaqudgha.
   272 | D        | Found a hide-covered altar of Uskayaw.
   273 | D        | Found a stormy altar of Qazlal.
   273 | D        | Found a white marble altar of Elyvilon.
   273 | D        | Found a glowing golden altar of the Shining One.
   274 | D        | Found a corrupted altar of Lugonu.
   274 | D        | Found a radiant altar of Vehumet.
   288 | D        | Reached skill level 1 in Evocations
   288 | D        | Reached XP level 5. HP: 18/56 MP: 2/4
   541 | D        | Reached *** piety under Trog
   542 | D        | Reached skill level 5 in Armour
   542 | D        | Reached skill level 1 in Stealth
   776 | D        | Reached XP level 6. HP: 54/66 MP: 5/5
   905 | D        | Found Lariomos's Book Shop.
   905 | D        | Found Vuahamn's Book Emporium.
   914 | D        | Noticed a burning bush
   914 | D        | Noticed a wandering mushroom
   915 | D        | Noticed a wandering mushroom
   926 | D        | Reached **** piety under Trog
   927 | D        | Reached skill level 10 in Fighting
   927 | D        | Reached skill level 10 in Maces & Flails
   927 | D        | Reached skill level 5 in Dodging
  1225 | D        | Slain by a wandering mushroom

Illustrated notes

Levels and vault maps discovered:
D:        dungeon_sprint_fedhas [sprint_temple]

Skill      XL: |  1  2  3  4  5  6 |
---------------+-------------------+-----
Fighting       | 4 6 7 8 9 10 | 10.1
Maces & Flails | 4 5 7 8 9 10 | 10.3
Armour         | 3 4 5 |  5.5
Dodging        | 3 4 5 |  5.2
Evocations     | 1 2 |  2.9
Stealth        | 2 |  2.9

Action                   |  1- 3 |  4- 6 || total
-------------------------+-------+-------++-------
Melee: Mace              |     6 |    37 ||    43
       Headbutt          |     1 |    10 ||    11
Invok: Berserk           |     2 |     5 ||     7
 Abil: Evoke Invisibilit |       |     3 ||     3
  Use: Potion            |       |     1 ||     1
 Stab: Invisible         |       |     3 ||     3
       Sleeping          |       |     1 ||     1
Armor: Animal skin       |     1 |       ||     1
Dodge: Dodged            |     3 |    14 ||    17

Table legend: (Time is in decaauts)
 A = Elapsed time spent in this place.
 B = Non-inter-level travel time spent in this place.
 C = Inter-level travel time spent in this place.
 D = Time resting spent in this place.
 E = Time spent auto-exploring this place.
 F = Levels seen in this place.
 G = Mean time per level.
                   A        B        C        D        E       F      G
               +--------+--------+--------+--------+--------+-----+--------+
         Total |   1271 |   1271 |      0 |   1108 |      3 |   1 | 1271.0 |
       Dungeon |   1271 |   1271 |      0 |   1108 |      3 |   1 | 1271.0 |
               +--------+--------+--------+--------+--------+-----+--------+

Top non-repeatable levels by time:
       D: 1271 daAuts
